AoeStats
← Arrowhead

Nomad

509017573Analyzed
4v4 RM · 6d ago on Sep 25, 2026· 57m 48s· 8 players
Game mode
Random Map
Map size
231×231
Population
200
Speed
Normal
Resources
Standard
Victory
Conquest
Starting age
Dark Age
Ending age
Imperial Age
RankedLock teamsTeams togetherTeam positionsShared explorationLock speedFull tech treeHidden civsTurbo modeCheats
Victory
Defeat
🇺🇸 Saxons · United States
1283
+14
🇺🇸 Franks · United States
1278
+14
🇺🇸 Vikings · United States
1277
+14
🇺🇸 Varangians · United States
1183
+19
🇨🇴 Britons · Colombia
1276
-16
🇺🇸 Persians · United States
1253
-16
🇲🇽 Burmese · Mexico
1238
-15
🇦🇷 Franks · Argentina
1199
-14
Reventador
5:23 Loom
13:13 Feudal Age
18:49 Castle Age
18:12 Man-at-Arms
18:53 Scale Mail Armor
19:42 Pikeman
21:38 Squires
22:06 Horse Collar
22:56 Fishing Lines
24:26 Long Swordsman
31:54 Gold Mining
35:47 Imperial Age
37:37 Forging
40:31 Padded Archer Armor
41:54 Conscription
45:32 Halberdier
49:09 Capped Ram
50:37 Chain Mail Armor
56:26 Iron Casting
Thrillho
11:14 Loom
13:50 Feudal Age
17:21 Castle Age
15:28 Horse Collar
15:36 Double-Bit Axe
19:03 Bow Saw
19:34 Heavy Plow
21:02 Wheelbarrow
23:07 Scale Barding Armor
26:05 Chain Barding Armor
28:29 Forging
30:52 Iron Casting
33:33 Bloodlines
33:23 Husbandry
33:40 Fletching
34:00 Gold Mining
34:08 Stone Mining
34:12 Crossbowman
34:57 Thumb Ring
37:51 Imperial Age
35:50 Bodkin Arrow
37:58 Padded Archer Armor
37:32 Cavalier
38:49 Plate Barding Armor
39:08 Ballistics
40:17 Blast Furnace
40:11 Conscription
39:52 Kamandaran
40:02 Savar
42:09 Leather Archer Armor
45:12 Chemistry
hargir
6:03 Loom
14:49 Feudal Age
23:12 Castle Age
24:18 Double-Bit Axe
25:10 Bow Saw
34:38 Imperial Age
33:52 Pikeman
34:40 Gold Mining
34:42 Fletching
34:47 Crossbowman
35:48 Arbalester
37:56 Conscription
38:48 Wheelbarrow
38:33 Padded Archer Armor
39:35 Leather Archer Armor
39:16 Bodkin Arrow
40:51 Ring Archer Armor
41:17 Bracer
42:42 Town Watch
45:02 Halberdier
45:54 Scale Mail Armor
46:11 Town Patrol
46:42 Forging
46:56 Ballistics
47:43 Chain Mail Armor
47:56 Squires
50:53 Hand Cart
50:33 Sappers
51:40 Plate Mail Armor
51:46 Iron Casting
52:46 Chemistry
[ATARB]PELUCHE GUACHIN
13:46 Feudal Age
15:43 Double-Bit Axe
16:36 Loom
23:48 Castle Age
FunkierHarp
16:13 Feudal Age
14:33 Loom
20:13 Double-Bit Axe
23:21 Castle Age
21:41 Double-Bit Axe
23:24 Bloodlines
24:52 Bow Saw
25:15 Scale Barding Armor
25:21 Forging
25:16 Husbandry
26:17 Chain Barding Armor
27:42 Iron Casting
28:34 Wheelbarrow
30:26 Stone Mining
30:27 Gold Mining
30:22 Horse Collar
30:55 Fletching
35:28 Hand Cart
34:58 Town Watch
38:51 Stone Shaft Mining
42:35 Imperial Age
44:01 Plate Barding Armor
45:05 Cavalier
51:39 Blast Furnace
Arrowhead
4:05 Loom
13:28 Feudal Age
17:51 Castle Age
17:47 Scale Barding Armor
18:19 Double-Bit Axe
18:30 Town Watch
21:06 Gold Mining
23:22 Wheelbarrow
30:53 Forging
30:47 Scale Mail Armor
35:28 Imperial Age
34:31 Chain Mail Armor
34:59 Iron Casting
34:22 Fletching
35:15 Hand Cart
38:49 Chemistry
41:07 Cavalier
41:47 Husbandry
42:44 Chain Barding Armor
43:25 Blast Furnace
43:16 Paladin
45:09 Conscription
45:31 Plate Barding Armor
andruwu
4:58 Loom
12:19 Feudal Age
13:29 Double-Bit Axe
15:47 Town Watch
16:41 Gold Mining
22:16 Castle Age
21:00 Horse Collar
22:17 Crossbowman
22:49 Fletching
23:07 Padded Archer Armor
23:26 Bodkin Arrow
24:23 Padded Archer Armor
27:46 Scale Mail Armor
30:31 Bow Saw
32:44 Chieftains
33:10 Chain Mail Armor
33:35 Forging
35:17 Iron Casting
35:56 Stone Mining
39:48 Imperial Age
40:58 Conscription
41:18 Plate Mail Armor
41:12 Elite Berserk
44:23 Heavy Plow
51:40 Capped Ram
55:29 Blast Furnace
hawkeyejnm
3:53 Loom
13:40 Feudal Age
14:39 Double-Bit Axe
17:28 Castle Age
15:51 Stone Mining
16:24 Town Watch
17:07 Gold Mining
18:19 Bow Saw
20:57 Scale Mail Armor
25:10 Chain Mail Armor
24:52 Arson
25:08 Squires
25:44 Forging
26:22 Pikeman
36:49 Horse Collar
38:53 Wheelbarrow
39:54 Fletching
40:39 Iron Casting
40:54 Hand Cart
44:29 Imperial Age
46:09 Conscription
46:37 Plate Mail Armor
52:44 Hoardings
52:23 Masonry
55:53 Halberdier
57:38 Heavy Plow
Connection lost

Rejoining the realm…

Still unreachable

The connection could not be restored.

Session expired

The server has moved on; the page needs a fresh start.